 Seeded DCSS version 0.29.1-2-gbd0b4ee654 (webtiles) character file.

Game seed: 19941 (custom seed)

195 Ashen the Grave Robber (level 5, -3/38 HPs)
             Began as a Demonspawn Necromancer on Oct 30, 2022.
             Slain by Duvessa
             ... wielding a +0 short sword
              (4 damage)
             ... on level 4 of the Dungeon.
             The game lasted 00:07:08 (4185 turns).

Ashen the Grave Robber (Demonspawn Necromancer)     Turns: 4185, Time: 00:07:09

Health: -3/38      AC: 11    Str:  5 (8)  XL:     5   Next: 45%
Magic:  0/9        EV: 12    Int: 17 (19) God:
Gold:   136        SH:  0    Dex: 10 (13) Spells: 1/9 levels left

rFire   . . .      SeeInvis .   p - +0 rapier (venom)
rCold   . . .      Faith    .   (no shield)
rNeg    . . .      Spirit   .   e - +3 leather armour
rPois   .          Reflect  .   (no helmet)
rElec   .          Harm     .   (no cloak)
rCorr   .          Rampage  .   o - +0 pair of gloves
Will    .....                   (no boots)
Stlth   ++........              (no amulet)
HPRegen 0.12/turn               j - +4 ring of protection
MPRegen 0.11/turn               (no ring)

@: animating dead
A: powered by death 1, sturdy frame 1, weakness stinger 1
a: no special abilities


You were on level 4 of the Dungeon.
You visited 1 branch of the dungeon, and saw 4 of its levels.

You collected 136 gold pieces.

Inventory:

Hand Weapons
 d - a +1 dagger of flaming
 l - a +0 whip of pain
 p - a +0 rapier of venom (weapon)
Armour
 e - a +3 leather armour (worn)
 o - a +0 pair of gloves (worn)
Jewellery
 j - a +4 ring of protection (left hand)
Scrolls
 c - a scroll of magic mapping {unknown}
 f - 2 scrolls of amnesia {unknown}
 g - 2 scrolls of identify {unknown}
 i - a scroll of enchant armour {unknown}
 k - 2 scrolls of noise {unknown}
Potions
 a - a potion of mutation {unknown}
 b - a potion of magic
 m - a potion of ambrosia {unknown}
 n - a potion of curing {unknown}


   Skills:
 + Level 2.1 Fighting
 + Level 2.8 Dodging
 - Level 3.0 Stealth
 + Level 2.8 Spellcasting
 + Level 5.1 Necromancy


You had one spell level left.
You knew the following spells:

 Your Spells              Type           Power      Damage    Failure   Level
a - Necrotise             Necr           80%        1d8       2%          1
b - Vampiric Draining     Necr           20%        2d7       7%          3
c - Animate Dead          Necr           20%        N/A       24%         4

Your spell library contained the following spells:

 Spells                   Type           Power      Damage    Failure   Level
 Portal Projectile        Hex/Tloc       4%         N/A       52%         3
 Tukima's Dance           Hex            2%         N/A       52%         3
 Agony                    Necr           20%        N/A       54%         5
 Blade Hands              Tmut           1%         N/A       99%         5


Dungeon Overview and Level Annotations

Branches:
Dungeon (4/15)
 Temple: D:4-7

Altars:
Fedhas
Hepliaklqana

Shops:
D:1 ([*   D:3 *

Annotations:
D:4 Dowan, Duvessa


Innate Abilities, Weirdness & Mutations

You regenerate a little health from kills.
Your movements are slightly less encumbered by armour. (ER -2)
You have a small tail.


Message History

Dowan hits you with a +0 dagger.
* * * LOW HITPOINT WARNING * * *
Duvessa barely misses you. Dowan hits you with a +0 dagger.
* * * LOW HITPOINT WARNING * * *
Dowan attacks as you move away! Dowan hits you but does no damage.
Duvessa hits you with a +0 short sword.
* * * LOW HITPOINT WARNING * * *
A ball python comes into view.
Duvessa hits you with a +0 short sword.
* * * LOW HITPOINT WARNING * * *
Unknown command.
It was a potion of degeneration.
There was something very wrong with that liquid.
You feel weakened.
You feel dopey.
You feel clumsy. Duvessa hits you but does no damage.
Dowan says, "Magic and the sword, together, will defeat you."
Dowan hits you but does no damage.
Casting: Vampiric Draining (dangerous; 7% risk of failure)
Confirm with . or Enter, or press ? or * to list all spells.
Aiming: Vampiric Draining (dangerous; 7% risk of failure)
Press: ? - help, Shift-Dir - straight line, f - Dowan, p - Duvessa
Aim: Dowan, wielding a +0 dagger and wearing a +0 robe You draw life force from Dowan.
You feel life coursing into your body.
The ball python hisses angrily.
Duvessa hits you with a +0 short sword.
* * * LOW HITPOINT WARNING * * *
Duvessa hits you but does no damage. Dowan closely misses you.
You hit Duvessa but do no damage.
Duvessa is almost dead.
Duvessa hits you with a +0 short sword.
* * * LOW HITPOINT WARNING * * *
Dowan gestures at you while chanting. You resist with some effort.
Duvessa misses you.
Unknown command.
Dowan attacks as you move away! Dowan barely misses you.
Found 3 stones.
Duvessa gestures with her weapon.
Duvessa closely misses you. Duvessa attacks as you move away!
Duvessa hits you but does no damage. Duvessa hits you with a +0 short sword.
You die...

#...........##.....
#...............
#.>.....#......##. ##
#....##.##...#....
...#####....##...........
...........#)...........
###...#.#....<........(
##....##..###.e##...
###...####..@eS...# #.....#
##..##.#.# .....##.#
....####.... ....#
#.###....##...... ...#
#.#.###.#.......... ..#
##.##.#...# ...#....
#.####...##....##....#.###
.... ......................#..
....
#...#####........#......##....


You could see Duvessa (fast, very poisoned), Dowan and a ball python.

Vanquished Creatures
  A hound (D:4)
  3 gnolls (D:2)
  6 adders
  2 worms (D:3)
  3 dart slugs
  An orc (D:3)
  6 endoplasms
  3 giant cockroaches
  5 goblins
  8 hobgoblins
  6 kobolds
  2 quokkas (D:1)
  3 ball pythons
  7 bats
  5 frilled lizards
  14 rats
75 creatures vanquished.

Vanquished Creatures (collateral kills)
  A frilled lizard (D:1)
1 creature vanquished.

Grand Total: 76 creatures vanquished

Notes
Turn   | Place    | Note
-------+----------+-------------------------------------------
     0 | D:1      | Ashen the Demonspawn Necromancer began the quest for the
                  | Orb.
     0 | D:1      | Reached XP level 1. HP: 13/13 MP: 3/3
   350 | D:1      | Gained mutation: Your movements are slightly less
                  | encumbered by armour. (ER -2) [demonic ancestry]
   350 | D:1      | Reached XP level 2. HP: 8/20 MP: 0/5
   619 | D:1      | Found a faded altar of an unknown god.
   690 | D:1      | Found Riotof's Antique Weapon Shop.
   988 | D:1      | Found Vypiut's Assorted Antiques.
   999 | D:1      | Found Marruhor's Antique Armour Shoppe.
  1131 | D:1      | Gained mutation: You have a small tail. [demonic ancestry]
  1131 | D:1      | Reached XP level 3. HP: 22/25 MP: 3/6
  1635 | D:2      | You fall into a shaft and drop 1 floor!
  1640 | D:3      | Learned a level 3 spell: Vampiric Draining
  1643 | D:3      | Found Deropsou's Assorted Antiques.
  2004 | D:3      | Found a blossoming altar of Fedhas.
  2075 | D:3      | Reached skill level 1 in Fighting
  2150 | D:3      | Found a hazy altar of Hepliaklqana.
  2381 | D:2      | Reached XP level 4. HP: 22/32 MP: 4/7
  3532 | D:3      | Reached skill level 5 in Necromancy
  3549 | D:3      | Gained mutation: You regenerate a little health from kills.
                  | [demonic ancestry]
  3549 | D:3      | Reached XP level 5. HP: 38/38 MP: 0/8
  4079 | D:4      | Learned a level 4 spell: Animate Dead
  4158 | D:4      | Noticed Duvessa
  4158 | D:4      | Noticed Dowan
  4178 | D:4      | HP: 1/38 [Duvessa/+0 short sword (5)]
  4185 | D:4      | Slain by Duvessa

Illustrated notes

Levels and vault maps discovered:
D:1:      lightli_arrival_lavapool, layout_basic, serial_shops, shop_fountains,
          shop, nicolae_shop_trees,
          hellmonk_ecumenical_altar_pennies_from_heaven
D:2:      layout_loops_ring, minmay_hexomino_c4
D:3:      layout_basic, mainiacjoe_overflow_surrounded_room,
          mainiacjoe_overflow_big_doors, serial_shops, shop,
          kennysheep_generic_room_6
D:4:      layout_layer_cave, uniq_duvessa

Skill      XL: |  1  2  3  4  5 |
---------------+----------------+-----
Stealth        | 2 3 |  3.0
Dodging        | 2 |  2.8
Fighting       | 1 2 |  2.1
Necromancy     | 5 |  5.1
Spellcasting   | |  2.8

Action                   |  1- 3 |  4- 6 || total
-------------------------+-------+-------++-------
Melee: Unarmed           |     9 |       ||     9
       Dagger            |    32 |    54 ||    86
       Tailslap          |     1 |    10 ||    11
       Rapier            |       |    14 ||    14
 Cast: Necrotise         |    65 |    39 ||   104
       Vampiric Draining |       |     5 ||     5
       Animate Dead      |       |     1 ||     1
  Use: Potion            |       |     1 ||     1
 Stab: Sleeping          |     2 |     4 ||     6
Armor: Robe              |     3 |       ||     3
       Leather armour    |     6 |    38 ||    44
Dodge: Dodged            |    32 |    65 ||    97
